Map: 만발의 정원 래더 (공허의 유산)

Players

TYTY (TY) - Winner!

  • Race: Terran Terran
  • League: Diamond
  • Spawn Location: 1:00

Stephano

  • Race: Zerg Zerg
  • Spawn Location: 7:00

Event: WESG 2016 Finals

VOD

Have the link to the VOD?

Description

Time

  • Played on: Jan. 14, 2017, 3:15 a.m.
  • Length: 13:51

All games in this series

Show
View Real Time Build Order
Export as new Build Order

TYTY Terran - Winner!

Build Orders: Reaper Expand, MMM Bio, Banshee Rush 

Get SALT Encoding   

  12  0:00  SCV  
  13  0:12  SCV  
  14  0:17  Supply Depot  
  14  0:24  SCV  
  15  0:32  Refinery  
  15  0:39  SCV  
  16  0:43  Barracks  
  16  0:51  SCV  
  17  1:03  SCV  
  18  1:15  SCV  
  19  1:30  Orbital Command, Reaper  
  20  1:39  Command Center  
  20  1:53  Factory  
  20  1:57  SCV  
  20  1:58  Refinery  
  21  2:07  Supply Depot  
  21  2:11  Barracks Reactor  
  21  2:12  SCV  
  22  2:24  SCV  
  23  2:36  SCV  
  24  2:39  Starport  
  24  2:49  SCV  
  29  2:51  Hellion x2  
  29  2:53  Orbital Command  
  29  2:56  Barracks Tech Lab  
  29  3:01  SCV  
  34  3:12  Hellion  
  34  3:13  Hellion  
  35  3:20  Cloaking Field  
  35  3:21  Banshee  
  35  3:23  SCV  
  35  3:26  SCV  
  39  3:34  Supply Depot  
  39  3:40  SCV x2  
  41  3:48  Marine x2  
  43  3:52  SCV x2  
  41  4:04  SCV  
  41  4:05  SCV  
  41  4:06  Marine x2, Banshee  
  41  4:07  Factory Tech Lab  
  44  4:16  SCV  
  44  4:17  SCV  
  44  4:20  Command Center  
  44  4:21  Bunker  
  45  4:25  Marine  
  45  4:26  Marine  
  45  4:29  SCV x2  
  45  4:31  Siege Tank  
  52  4:41  SCV x2  
  52  4:43  Liberator  
  52  4:53  SCV x2  
  52  4:58  Barracks x2  
  51  5:03  Stimpack  
  54  5:07  Supply Depot  
  54  5:08  Supply Depot  
  54  5:14  Engineering Bay x2, Factory Reactor  
  54  5:29  Supply Depot, Marine, SCV x2  
  54  5:30  Supply Depot  
  54  5:35  Refinery x2  
  57  5:41  Terran Infantry Armor Level 1, Terran Infantry Weapons Level 1, SCV x2  
  59  5:46  Starport Reactor  
  59  5:47  Marine x3  
  62  5:52  Orbital Command  
  62  5:53  SCV  
  62  5:57  SCV  
  64  6:05  Marine x2, SCV  
  64  6:06  Factory Reactor, Marine x2  
  64  6:07  Marine  
  70  6:15  SCV  
  70  6:17  SCV  
  72  6:21  Orbital Command  
  72  6:23  Marine x2  
  72  6:24  Marine x2  
  76  6:28  Marine  
  76  6:30  Medivac  
  76  6:31  Medivac  
  81  6:33  Barracks  
  81  6:36  Barracks, SCV x2  
  82  6:41  Marine  
  82  6:42  Marine  
  82  6:46  Widow Mine x2  
  84  6:47  Armory, SCV  
  84  6:48  SCV  
  84  6:51  Marine x2  
  92  6:59  SCV  
  92  7:00  Medivac, SCV  
  92  7:01  Medivac  
  96  7:02  Marine x3  
  96  7:03  Combat Shields  
  96  7:06  Supply Depot  
  101  7:09  Supply Depot  
  101  7:23  Supply Depot x2, Barracks Reactor  
  101  7:27  Marine x4, SCV x3  
  108  7:35  Widow Mine, Medivac x2  
  108  7:36  Widow Mine  
  112  7:38  Marine x2  
  112  7:39  SCV x2  
  116  7:45  Marine  
  116  7:46  Terran Infantry Weapons Level 2  
  116  7:50  Barracks, SCV  
  116  7:51  Refinery, Barracks, SCV x2  
  118  7:52  Supply Depot  
  117  7:58  Marine  
  117  7:59  Marine x4  
  117  8:03  Marine x2  
  124  8:11  Marine  
  121  8:13  Widow Mine x2  
  121  8:14  Medivac x2  
  121  8:16  Marine x4  
  133  8:24  Marine x3  
  133  8:26  Terran Infantry Armor Level 2  
  135  8:28  Marine  
  133  8:34  Marine x3  
  131  8:42  Barracks Reactor  
  131  8:43  Marine x2, Barracks Reactor  
  131  8:44  Marauder, Marine  
  131  8:46  Widow Mine x2, Medivac, Marine  
  140  8:48  Supply Depot  
  140  8:58  Supply Depot  
  140  9:00  Marine  
  141  9:09  Marine x3  
  141  9:10  Command Center  
  141  9:11  Marauder x2, Marine  
  141  9:12  Supply Depot  
  141  9:14  Supply Depot  
  149  9:20  Medivac  
  151  9:25  Marine x6  
  157  9:33  Widow Mine x2  
  157  9:34  Medivac  
  160  9:50  Marauder x2, Marine x8  
  171  9:53  Missile Turret  
  171  9:55  Medivac  
  173  10:01  Supply Depot x2  
  173  10:05  Terran Infantry Weapons Level 3, Starport  
  173  10:10  Marine  
  173  10:11  Marine x2  
  173  10:13  Marine x4  
  173  10:14  Widow Mine x2, Marine x2  
  152  10:21  Marine  
  152  10:22  Marauder x2  
  152  10:27  Medivac  
  159  10:28  Marine  
  159  10:29  Marine x2  
  162  10:41  Marine x4  
  162  10:42  Missile Turret  
  166  10:43  Widow Mine  
  166  10:47  Missile Turret  
  166  10:49  Planetary Fortress  
  168  10:56  Marine x4  
  168  10:57  Marauder x2, Marine x2, Liberator x2  
  176  10:59  Marine x3  
  176  11:01  Marine  
  145  11:14  Marine x6, Starport Reactor  
  145  11:15  Terran Ship Weapons Level 1  
  145  11:17  Marine x3  
  145  11:18  Marine x2  
  160  11:23  Missile Turret  
  160  11:25  Marine  
  160  11:32  Marine  
  144  11:33  Marine x4  
  144  11:38  Marine x5  
  144  11:39  Liberator x2  
  145  11:41  Widow Mine x2  
  145  11:42  Marine  
  145  11:43  Marine  
  149  11:49  Liberator x2  
  149  11:52  Marine x4  
  135  12:01  Marine x6  
  129  12:02  Marauder  
  133  12:09  Widow Mine x2  
  133  12:13  Missile Turret  
  133  12:17  Marine x3  
  133  12:18  Marine  
  133  12:19  Marauder  
  139  12:23  Marine x4  
  139  12:24  Orbital Command  
  145  12:33  Marine  
  145  12:34  Marine x2  
  145  12:35  Marine x2  
  148  12:41  Sensor Tower  
  148  12:46  Refinery x2  
  148  12:50  Marauder, Marine x6  
  156  12:51  Marine  
  156  12:52  Marine x2  
  156  12:53  Marine  
  160  13:02  Marine  
  160  13:08  Marine x6  
  160  13:09  Medivac, Marine  
  160  13:11  Marine x4  
  173  13:20  Marine  
  173  13:26  Marine x3  
  175  13:28  Marine x4  
  180  13:41  Command Center  
Show
View Real Time Build Order
Export as new Build Order

Stephano Zerg 

Build Orders: Hatch First, Muta Ling Bane 

Get SALT Encoding   

  12  0:00  Drone  
  13  0:12  Overlord  
  13  0:17  Drone  
  14  0:31  Drone x2  
  14  0:34  Drone  
  17  0:51  Hatchery  
  17  0:53  Drone  
  17  0:57  Drone  
  18  1:07  Extractor  
  17  1:11  Spawning Pool  
  17  1:14  Drone  
  17  1:17  Drone  
  18  1:28  Drone  
  19  1:39  Overlord  
  19  1:58  Queen  
  19  1:59  Zergling x2  
  19  2:01  Zergling x2  
  23  2:02  Queen  
  23  2:03  Drone  
  23  2:07  Metabolic Boost  
  26  2:22  Hatchery  
  25  2:24  Drone  
  25  2:27  Drone  
  27  2:36  Drone  
  28  2:38  Drone x2  
  28  2:40  Drone  
  31  2:52  Drone, Queen  
  31  2:54  Overlord  
  34  2:59  Queen  
  34  3:03  Overlord  
  36  3:13  Drone x4  
  36  3:14  Drone  
  36  3:15  Drone  
  36  3:18  Drone  
  43  3:23  Zergling x4  
  43  3:24  Zergling x2  
  43  3:25  Drone  
  47  3:35  Drone  
  47  3:36  Drone x2  
  52  3:43  Queen  
  52  3:46  Drone  
  55  3:50  Drone x4, Extractor  
  55  4:06  Spore Crawler  
  55  4:08  Spore Crawler  
  53  4:13  Drone x4  
  53  4:14  Drone x2  
  58  4:19  Overlord  
  58  4:20  Overlord  
  58  4:21  Spore Crawler  
  57  4:25  Drone  
  57  4:28  Extractor  
  57  4:29  Evolution Chamber  
  57  4:30  Evolution Chamber, Drone x3  
  57  4:40  Drone  
  57  4:42  Spore Crawler  
  54  4:48  Drone x6  
  54  4:51  Drone x2  
  54  4:52  Zergling x4  
  63  4:58  Zerg Melee Weapons Level 1  
  63  5:04  Extractor, Drone x4  
  63  5:05  Drone  
  67  5:12  Overlord  
  67  5:21  Spore Crawler  
  67  5:22  Zergling x10  
  67  5:27  Drone, Zerg Ground Armor Level 1  
  71  5:30  Drone x2  
  71  5:34  Drone  
  74  5:36  Extractor  
  74  5:37  Drone x2  
  74  5:42  Drone  
  75  5:44  Hatchery  
  75  5:49  Drone x4  
  78  5:52  Baneling Nest  
  78  5:53  Drone x3  
  78  5:54  Lair  
  80  6:00  Drone  
  80  6:01  Drone  
  82  6:07  Overlord x2  
  82  6:10  Overlord  
  82  6:14  Overlord  
  82  6:15  Overlord  
  82  6:20  Extractor  
  82  6:22  Overlord  
  81  6:30  Zergling x16  
  81  6:31  Zergling x4  
  91  6:37  Queen  
  92  6:52  Centrifical Hooks  
  90  6:54  Drone x3  
  90  6:55  Zerg Melee Weapons Level 2  
  90  6:58  Drone x3  
  90  6:59  Drone x8  
  90  7:00  Spire  
  103  7:06  Zergling x4  
  105  7:10  Zergling x4  
  105  7:11  Queen  
  105  7:14  Queen  
  111  7:15  Overseer  
  111  7:17  Zergling x16  
  111  7:18  Baneling  
  111  7:19  Baneling x2  
  119  7:27  Zergling x10  
  121  7:38  Drone x3  
  124  7:48  Zergling x8  
  124  7:50  Overlord x4  
  128  7:56  Hatchery  
  127  8:04  Zerg Ground Armor Level 2  
  121  8:17  Zergling x28  
  128  8:31  Zergling x14  
  133  8:36  Queen x2  
  133  8:39  Mutalisk  
  133  8:40  Mutalisk x7  
  148  8:42  Overseer  
  148  8:48  Overlord x3  
  148  8:55  Baneling x12  
  147  9:08  Mutalisk x2  
  147  9:09  Mutalisk x3  
  157  9:10  Zergling x4  
  157  9:11  Zergling x14  
  157  9:12  Baneling x8  
  157  9:13  Baneling  
  165  9:26  Baneling x7  
  151  9:48  Mutalisk x7  
  165  9:56  Overlord x6  
  165  9:57  Overlord x2  
  165  10:03  Zerg Flyer Weapons Level 1, Infestation Pit  
  158  10:19  Zergling x38  
  158  10:20  Zergling x2  
  149  10:24  Zergling x2  
  150  10:29  Zergling x4  
  150  10:37  Baneling x11  
  150  10:38  Baneling x15  
  150  10:39  Zergling x20  
  150  10:40  Zergling x8  
  164  10:46  Zergling x6  
  164  10:47  Zergling x2  
  168  10:52  Hive  
  168  10:54  Pneumatized Carapace  
  168  11:03  Zergling x32  
  156  11:13  Zergling x4  
  156  11:14  Zergling x16  
  156  11:15  Baneling x2  
  156  11:17  Zergling x2  
  166  11:20  Baneling x5  
  166  11:21  Zergling x4  
  168  11:32  Zergling x10  
  152  11:33  Zergling x16  
  153  11:41  Zergling x8  
  153  11:45  Overseer x2  
  154  11:53  Mutalisk x3  
  147  12:01  Zergling x20  
  147  12:02  Zergling x6  
  148  12:17  Ultralisk Cavern  
  148  12:19  Zergling x14  
  154  12:28  Baneling x2  
  154  12:29  Baneling x9  
  152  12:31  Zergling x14  
  152  12:32  Zergling x2  
  160  12:42  Baneling x3  
  160  12:43  Baneling x4, Zergling x10  
  160  12:44  Zergling x2  
  166  12:46  Extractor  
  166  12:47  Extractor  
  152  13:16  Baneling  
  152  13:19  Zergling x32  
  168  13:20  Zergling x8  
  149  13:28  Zergling x6  
  149  13:29  Zergling x4  
Tags
 
Add a new tag
Caveats
  • Supply blocks, unpowered buildings, or Contaminate may cause inaccurate times.
  • Supply counts are checked every 10 seconds.